[Event "*** Titled Tuesday Blitz"]
[Site "Chess.com"]
[Date "2021.04.20"]
[Round "9"]
[White "Taktikmonster"]
[Black "Pertinhez76"]
[Result "1-0"]
[WhiteElo "2416"]
[BlackElo "2074"]
[TimeControl "180+1"]
[EndTime "11:45:27 PDT"]
[Termination "Taktikmonster won on time"]

1. e4 e6 2. d4 d5 3. Nd2 Nf6 4. e5 Nfd7 5. Bd3 c5 6. c3 Nc6 7. Ne2 cxd4 8. cxd4 f6 9. exf6 Nxf6 10. O-O Bd6 11. Nf3 Qc7 12. h3 O-O 13. Be3 Bd7 14. Re1 Be8 15. Ng5 Bf7 16. g3 h6 17. Nxf7 Rxf7 18. Nf4 Re7 19. Rc1 Qb6 20. Nh5 Rf8 21.
Bg6 Qxb2 22. Rb1 Qxa2 23. Nxf6+ Rxf6 24. Qg4 Qa5 25. Qh5 Qd8 26. Bg5 Rxg6 27. Qxg6 hxg5 28. Rxe6 Rxe6 29. Qxe6+ Kh7 30. Rxb7 Nxd4 31. Qxd5 Qf6 32. Qe4+ Kg8 33. Rxa7 Bf8 34. Ra5 Nf3+ 35. Kg2 Nd4 36. Qd5+ Kh7 37. Qxg5 Qc6+ 38. Qd5 Qxd5+ 39. Rxd5 Ne6 40.
Kf3 Kg6 41. Ke4 Kf7 42. f4 Nc5+ 43. Kf3 g6 44. Kg4 Ne6 45. Ra5 Be7 46. Ra6 Nd4 47.
h4 Nf5 48. h5 1-0

[Event "*** Titled Tuesday Blitz"]
[Site "Chess.com"]
[Date "2021.04.20"]
[Round "9"]
[White "Hangar-18"]
[Black "FMOlexandrProhorov"]
[Result "0-1"]
[WhiteElo "2333"]
[BlackElo "2251"]
[TimeControl "180+1"]
[EndTime "11:45:27 PDT"]
[Termination "FMOlexandrProhorov won by checkmate"]

1. c4 g6 2. Nc3 Bg7 3. e4 d6 4. d4 e5 5. dxe5 dxe5 6. Qxd8+ Kxd8 7. Bg5+ f6 8. O-O-O+ Nd7 9. Be3 c6 10. h4 Nh6 11. f3 Kc7 12. h5 g5 13. g4 Nf7 14.
Bd3 Bf8 15. Na4 Be7 16. Ne2 Rd8 17. Ng3 Nf8 18. Kc2 b6 19. c5 b5 20. Nc3 a5 21.
Rd2 Ne6 22. Nf5 Bxc5 23. Bxc5 Nxc5 24. Be2 b4 25. Rxd8 Nxd8 26. Nd1 Nde6 27. Nde3 Nd4+ 28. Nxd4 exd4 29. Nf1 Ne6 30. Bd3 h6 31. Ng3 Nf4 32. Rc1 Kd6 33. Kd2 c5 34. Bc4 Bd7 35. Rg1 a4 36. Rc1 Rb8 37. Rg1 Ke5 38. Bd3 Be6 39. Rc1 Rc8 40. a3 c4 41. Bb1 c3+ 42. bxc3 dxc3+ 43. Ke1 b3 44. Nf5 c2 45. Ne3 cxb1=Q 46.
Rxb1 Kd4 47. Nd1 Nd3+ 48. Kd2 Rc2# 0-1

[Event "*** Titled Tuesday Blitz"]
[Site "Chess.com"]
[Date "2021.04.20"]
[Round "9"]
[White "Gerodot71"]
[Black "anon102030"]
[Result "0-1"]
[WhiteElo "2583"]
[BlackElo "2727"]
[TimeControl "180+1"]
[EndTime "11:45:28 PDT"]
[Termination "anon102030 won by resignation"]

1. d4 Nf6 2. c4 e5 3. dxe5 Ng4 4.
e3 Nxe5 5. Nh3 Ng6 6. Nc3 Nc6 7. Nd5 d6 8. Nhf4 Nce5 9. Be2 c6 10. Nc3 Be7 11. O-O O-O 12. b3 Bf6 13. Bb2 Nxf4 14. exf4 Ng6 15. g3 Re8 16. Bf3 Bh3 17. Re1 Rxe1+ 18.
Qxe1 Qd7 19. Qd2 Re8 20. Rd1 Bg4 21. Qd3 Bxf3 22. Qxf3 Qf5 23. Qd3 Qh5 24. Na4 Bxb2 25. Nxb2 Re6 26. Qc3 Qg4 27. Kh1 h5 28. Re1 Re2 29.
Rxe2 Qxe2 30. Kg2 h4 31. Nd3 Qe4+ 32. Kh3 hxg3 33. fxg3 Qe2 34. Qd4 Qf1+ 35. Kg4 Qe2+ 36. Kh3 Qe6+ 37. Kg2 b6 38. Nf2 f5 39. Qd3 d5 40.
Qd4 Ne7 41. Nd3 c5 42. Qf2 dxc4 43. bxc4 Qxc4 44. Ne5 Qe4+ 45. Kh3 Nd5 46. Qc2 Qxc2 47. Ng6 Qxa2 48. Ne7+ Nxe7 0-1

[Event "*** Titled Tuesday Blitz"]
[Site "Chess.com"]
[Date "2021.04.20"]
[Round "9"]
[White "Jumbo"]
[Black "TST2014"]
[Result "1-0"]
[WhiteElo "2803"]
[BlackElo "2656"]
[TimeControl "180+1"]
[EndTime "11:45:29 PDT"]
[Termination "Jumbo won on time"]

1. d4 Nf6 2. c4 c5 3. d5 b5 4. cxb5 a6 5. bxa6 Bxa6 6. Nc3 g6 7. g3 Bg7 8. Bg2 d6 9. Nf3 O-O 10. Nd2 Nbd7 11. O-O Ne8 12. Re1 Nc7 13. Qc2 Nb5 14.
Nxb5 Bxb5 15. Ne4 Qb6 16. Nc3 Bc4 17. Bd2 Rfb8 18. b3 Ba6 19. Rab1 Ne5 20. h3 Qa7 21. a4 Rb6 22. f4 Nd7 23. e4 Rab8 24. Kh2 Qb7 25.
e5 Rxb3 26. e6 Nf6 27. exf7+ Kxf7 28. Nb5 Rxb1 29. Rxb1 Qd7 30. Qc4 Qf5 31. Re1 Bxb5 32. axb5 Qd7 33. Rb1 Ne8 34. Bf3 h5 35. Be2 Bd4 36. Bd3 Ng7 37. Re1 Ra8 38. Qc2 Nf5 39. Re6 Kg7 40. g4 hxg4 41. hxg4 Rh8+ 42. Kg2 Qb7 43. Be4 Nh4+ 44. Kg3 Qxb5 45. Qd3 Qb2 46.
Rxe7+ Kf8 47. Ra7 Qa1 48. Rxa1 Nf5+ 49. gxf5 gxf5 50. Ra8+ Kg7 51. Ra7+ Kf6 52. Bxf5 Rg8+ 53. Kf3 Rh8 54. Bg4 1-0

[Event "*** Titled Tuesday Blitz"]
[Site "Chess.com"]
[Date "2021.04.20"]
[Round "9"]
[White "GM_LOADING"]
[Black "Witik"]
[Result "0-1"]
[WhiteElo "2535"]
[BlackElo "2673"]
[TimeControl "180+1"]
[EndTime "11:45:30 PDT"]
[Termination "Witik won on time"]

1. e4 c6 2. d4 d5 3. e5 Bf5 4. Nf3 e6 5. Be2 Bg6 6. O-O Nh6 7. Nbd2 Nf5 8. Nb3 Nd7 9. Bd2 Be7 10. g4 Nh4 11.
Nxh4 Bxh4 12. f4 f5 13. exf6 Nxf6 14. Be3 O-O 15. Nc5 Qe7 16. g5 Ne4 17. Nxe4 dxe4 18. Bc4 h5 19. c3 Rad8 20. Qe2 Qf7 21. Qg2 Bf5 22. Be2 g6 23. Rad1 Kh7 24. Kh1 e5 25. fxe5 Qe6 26. Rf4 Bh3 27. Qg1 Rxf4 28. Bxf4 e3 29.
Qxe3 Rf8 30. Bf1 Qd5+ 31. Kg1 Bg4 32. Rd2 Qxa2 33. Bg2 Qf7 34. Bg3 Bxg3 35. hxg3 Qe7 36. Kh2 Rf5 37. Rf2 Rxg5 38. Be4 h4 39. gxh4 Rh5 40.
Qg3 Rxh4+ 41. Kg2 Bh5 42. Rf4 Rxf4 43. Qxf4 Kg7 44. Qg3 Qf7 45. Qf2 Qe6 0-1

[Event "*** Titled Tuesday Blitz"]
[Site "Chess.com"]
[Date "2021.04.20"]
[Round "9"]
[White "Bad_left_hook"]
[Black "Sadykov_Ramil"]
[Result "1/2-1/2"]
[WhiteElo "2621"]
[BlackElo "2493"]
[TimeControl "180+1"]
[EndTime "11:45:31 PDT"]
[Termination "Game drawn by stalemate"]

1. Nf3 d5 2. g3 Nf6 3. Bg2 b5 4. O-O Bb7 5. d4 e6 6. Nc3 b4 7. Nb1 c5 8. dxc5 Bxc5 9. c3 a5 10. Nbd2 O-O 11. Nb3 Bb6 12. Bf4 bxc3 13. bxc3 Nbd7 14.
Bd6 Re8 15. Nfd4 Nb8 16. Ba3 Na6 17. Nb5 Bc6 18. Nd6 Re7 19. c4 Rd7 20. Rc1 a4 21. cxd5 Bxd5 22. e4 Bxe4 23. Nxe4 Rxd1 24. Rfxd1 axb3 25. Rxd8+ Rxd8 26. axb3 Nd5 27. Nd6 Nab4 28. Nb7 Rb8 29.
Nc5 Rc8 30. Na4 Rxc1+ 31. Bxc1 Bxf2+ 32. Kxf2 Nd3+ 33. Kf1 Nxc1 34. Bxd5 exd5 35. b4 Kf8 36. b5 Ke7 37. Nc5 Kd6 38. b6 Na2 39. b7 Kc7 40.
Ke2 Nc3+ 41. Kd3 Ne4 42. Kd4 Nxc5 43. Kxc5 Kxb7 44. Kxd5 Kc7 45. h4 h5 46. Ke5 Kd7 47. Kf5 Ke7 48. Kg5 g6 49. Kh6 Kf6 50. Kh7 Kf5 51.
Kg7 f6 52. Kh6 Kg4 53. Kxg6 f5 54. Kf6 Kxg3 55. Kxf5 Kxh4 56. Kf4 Kh3 57. Kf3 h4 58. Kf2 Kh2 59. Kf1 h3 60. Kf2 Kh1 61. Kf1 h2 62. Kf2 1/2-1/2

[Event "*** Titled Tuesday Blitz"]
[Site "Chess.com"]
[Date "2021.04.20"]
[Round "9"]
[White "Blitzking642"]
[Black "Nf3c5"]
[Result "0-1"]
[WhiteElo "2473"]
[BlackElo "2633"]
[TimeControl "180+1"]
[EndTime "11:45:32 PDT"]
[Termination "Nf3c5 won by checkmate"]

1. e4 c6 2. c4 e5 3. Nf3 d6 4. d4 Nd7 5. Nc3 Ngf6 6. Be2 Be7 7. O-O a6 8. a4 a5 9. Re1 O-O 10. Bf1 exd4 11. Nxd4 Nc5 12. f3 Re8 13. Be3 Bf8 14. Qd2 Qb6 15. Ra3 Nfd7 16. Rb1 Ne5 17. b4 axb4 18.
Na2 Na6 19. Nxb4 Nxb4 20. Rxb4 Qa5 21. Nb3 Qd8 22. Bb6 Qf6 23. Ra1 Qg6 24. Kh1 d5 25. c5 Be6 26. Nd4 Nd7 27. Nxe6 fxe6 28. Rc1 Kh8 29.
Bd3 Qh6 30. Qxh6 gxh6 31. Kg1 Kg8 32. Kf1 Rec8 33. Ke2 Bg7 34. exd5 exd5 35. Bf5 Re8+ 36. Kd2 Ne5 37. Bd3 h5 38. a5 Bh6+ 39. f4 Nc4+ 40. Bxc4 Bxf4+ 41. Kc2 Bxc1 42. Bd3 Bh6 43. Rh4 Re5 44. g4 Rf8 45. gxh5 Rf2+ 46. Kc3 Rf3 47. Rg4+ Kf7 48. Kd4 Bg7 49. Bxh7 Re4# 0-1

[Event "*** Titled Tuesday Blitz"]
[Site "Chess.com"]
[Date "2021.04.20"]
[Round "9"]
[White "starplatinum2030"]
[Black "MaevskiyNikolay"]
[Result "0-1"]
[WhiteElo "2293"]
[BlackElo "2475"]
[TimeControl "180+1"]
[EndTime "11:45:33 PDT"]
[Termination "MaevskiyNikolay won by resignation"]

1. Nf3 d5 2. b3 Bg4 3. Ne5 Bh5 4. g4 Bg6 5. Nxg6 hxg6 6. Bg2 c6 7. Bb2 e6 8. d3 a5 9. a4 Nf6 10. h3 Nbd7 11.
Nd2 Qc7 12. e4 Bb4 13. Qe2 g5 14. e5 Ng8 15. d4 Bxd2+ 16. Qxd2 f6 17. O-O-O O-O-O 18. Rhe1 Re8 19. Kb1 Nh6 20. c4 Kb8 21. c5 fxe5 22. dxe5 Nf7 23. Qd4 Ref8 24. Rc1 Nfxe5 25.
Rxe5 Nxe5 26. Qxe5 Rxf2 27. Rc2 Rxc2 28. Kxc2 Rf8 29. Qxc7+ Kxc7 30. Be5+ Kd7 31. Bg3 e5 32. Kd3 Ke6 33. Ke3 b6 34. cxb6 Rb8 35. Kd2 Rxb6 36.
Kc2 c5 37. Be1 Ra6 38. Bf1 Ra7 39. Bf2 Kd6 40. Be3 Rf7 41. Be2 d4 42. Bxg5 Rf2 43.
Kd2 e4 44. Ke1 Rf7 45. Bh4 d3 46. Bg3+ Kd5 47. Bf1 Rb7 48. Bf4 Rxb3 49. Kd2 c4 50.
Bg2 Rb2+ 0-1

[Event "*** Titled Tuesday Blitz"]
[Site "Chess.com"]
[Date "2021.04.20"]
[Round "9"]
[White "MFguimaraes"]
[Black "Roedor"]
[Result "0-1"]
[WhiteElo "2392"]
[BlackElo "2294"]
[TimeControl "180+1"]
[EndTime "11:45:33 PDT"]
[Termination "Roedor won by resignation"]

1. e4 c5 2. Nf3 d6 3. d4 cxd4 4. Nxd4 Nf6 5. Nc3 a6 6. g3 e5 7. Nde2 Be7 8. Bg2 Be6 9. O-O h5 10. a4 h4 11. Nd5 Nbd7 12. a5 hxg3 13. hxg3 Nxd5 14. exd5 Bh3 15. Bxh3 Rxh3 16. Kg2 Rh8 17. Rh1 Rxh1 18. Qxh1 Nf8 19. Qh3 Qd7 20. Nc3 Qxh3+ 21. Kxh3 f5 22. Ra4 g5 23. Rb4 g4+ 24. Kg2 O-O-O 25. Na4 Nd7 26. Be3 Rf8 27. Bb6 f4 28. Rc4+ Kb8 29. Rc7 f3+ 30. Kg1 Rd8 31. b4 Bg5 32. c4 e4 33. b5 Nxb6 34. axb6 e3 35. bxa6 bxa6 36. Nb2 e2 37. Nd3 Re8 38. Rg7 e1=Q+ 39.
Nxe1 Rxe1+ 40. Kh2 Be3 41. Rxg4 Bxf2 42. Rf4 Bg1+ 43.
Kh3 f2 44. Kg2 a5 45. c5 dxc5 46. d6 Rd1 47. g4 Rxd6 48. g5 Rxb6 49. Rf6 Rb4 50.
Kg3 Rb7 51. g6 Rg7 52. Rf8+ Kc7 53. Rf7+ Rxf7 54. gxf7 f1=Q 55. f8=Q Qxf8 0-1

[Event "*** Titled Tuesday Blitz"]
[Site "Chess.com"]
[Date "2021.04.20"]
[Round "9"]
[White "Koalaskakistis"]
[Black "bazar-wokzal"]
[Result "1-0"]
[WhiteElo "2566"]
[BlackElo "2687"]
[TimeControl "180+1"]
[EndTime "11:45:34 PDT"]
[Termination "Koalaskakistis won on time"]

1. Nf3 c5 2. g3 Nc6 3. Bg2 e5 4. d3 f5 5. O-O Nf6 6. e4 d6 7. Re1 Be7 8. exf5 Bxf5 9. c3 O-O 10. d4 cxd4 11. cxd4 e4 12. Nh4 Bg4 13. Qb3+ d5 14.
Qxb7 Nxd4 15. Na3 Bxa3 16. bxa3 Nc2 17. Bg5 Nxa1 18. Rxa1 Qb6 19. Qe7 Rae8 20. Qb4 d4 21. h3 Be2 22. Re1 d3 23. Nf5 Nd5 24. Qxb6 axb6 25.
Nd4 Bf3 26. Nxf3 exf3 27. Rxe8 Rxe8 28. Bxf3 Nc3 29. Kf1 Re5 30. Be3 Ne4 31. Ke1 Nxg3 32. Kd2 Nf1+ 33. Kxd3 Nxe3 34. fxe3 Ra5 35. Kc4 Rxa3 36.
Kb5 Rxe3 37. Bd5+ Kf8 38. Kxb6 Rxh3 39. a4 Ke7 40. a5 Kd6 41. Bc6 Rb3+ 42. Bb5 g5 43. a6 Ra3 44. a7 g4 45. Ba6 Rb3+ 46.
Bb5 Ra3 47. Ba6 Rb3+ 48. Ka5 Ra3+ 49. Kb5 Rb3+ 50. Kc4 Rb6 51. a8=Q Rc6+ 52. Kd4 Rb6 53. Qd8+ Kc6 54. Qd5+ Kc7 55. Qa5 Kc6 56. Bc4 1-0

[Event "*** Titled Tuesday Blitz"]
[Site "Chess.com"]
[Date "2021.04.20"]
[Round "9"]
[White "Gusarov91"]
[Black "zmeeed67"]
[Result "0-1"]
[WhiteElo "2630"]
[BlackElo "2531"]
[TimeControl "180+1"]
[EndTime "11:45:34 PDT"]
[Termination "zmeeed67 won by resignation"]

1. d4 d5 2. Nf3 Nf6 3. c4 e6 4. g3 dxc4 5. Bg2 b5 6. a3 Bb7 7. O-O Nbd7 8. Nc3 a6 9. Bg5 Be7 10. e3 h6 11. Bxf6 Nxf6 12. a4 c6 13. Ne5 Nd5 14.
Qh5 O-O 15. Ne4 Rc8 16. Rfd1 Nf6 17. Nxf6+ Bxf6 18. axb5 axb5 19. Ra7 Qb6 20. Rda1 Rcd8 21. Nxc6 Bxc6 22. R1a6 Qb8 23. Bxc6 b4 24. Qc5 c3 25.
bxc3 bxc3 26. Qxc3 Qb1+ 27. Kg2 Rc8 28. Ra1 Qg6 29.
Ra8 h5 30. Rxc8 Rxc8 31. Ra8 Rxa8 32. Bxa8 h4 33. Qc8+ Kh7 34. Qc6 Qh5 35. Qe4+ g6 36. Qf3 h3+ 37. Kg1 Qa5 38. Kf1 Kg7 39. g4 Qa2 40.
Be4 Qa1+ 41. Ke2 Qa2+ 42. Ke1 Qa5+ 43. Ke2 Qb5+ 44. Bd3 Qb2+ 45. Ke1 Bh4 46. Qe2 Qc1+ 47. Qd1 Bxf2+ 48. Ke2 Qxe3+ 49. Kf1 Bh4 50. Qe2 Qc1+ 0-1

[Event "*** Titled Tuesday Blitz"]
[Site "Chess.com"]
[Date "2021.04.20"]
[Round "9"]
[White "AnnaChessLook"]
[Black "cukin84"]
[Result "1-0"]
[WhiteElo "2249"]
[BlackElo "2124"]
[TimeControl "180+1"]
[EndTime "11:45:34 PDT"]
[Termination "AnnaChessLook won by resignation"]

1. d4 f5 2. g3 Nf6 3. Bg2 g6 4. Nf3 d6 5. O-O Bg7 6. c4 O-O 7. b3 Qe8 8. Bb2 Nc6 9. d5 Nd8 10. Nbd2 a5 11. Qc2 Nf7 12. Nd4 h6 13. Nb5 Qd8 14.
a3 Bd7 15. Nd4 Ne5 16. b4 axb4 17. axb4 Rxa1 18. Rxa1 Qb8 19. e3 c6 20. dxc6 bxc6 21. b5 cxb5 22. cxb5 Rc8 23. Qb3+ Kh7 24. b6 d5 25.
N2f3 Nc4 26. Ba3 e5 27. Nc2 Nxa3 28. Nxa3 Bc6 29. Rb1 Qb7 30. Nxe5 Ne4 31. Nf3 Ra8 32. Nc2 Ba4 33. Qd3 Rc8 34. Ncd4 Rc3 35. Qe2 Ra3 36. h4 Nc3 37. Qb2 Nxb1 38. Qxb1 Bd7 39. Qb4 Ra1+ 40. Kh2 Be8 41. Qd6 Rb1 42. h5 Rxb6 43. hxg6+ Bxg6 44. Qd8 Qb8 45. Qd7 Rb7 46. Qxd5 h5 47.
Nxf5 Bxf5 48. Qxf5+ Kh8 49. Qxh5+ Kg8 50. Ng5 Qd6 51.
Bxb7 Qf6 52. Qh7+ Kf8 53. Qh5 Ke7 54. Bg2 Bh6 55. Nf3 Qg7 56. Nd4 Kd7 57. Qd5+ Kc7 58. Qc6+ Kd8 59. Ne6+ Ke7 60. Nxg7 1-0

[Event "*** Titled Tuesday Blitz"]
[Site "Chess.com"]
[Date "2021.04.20"]
[Round "9"]
[White "GAusal"]
[Black "NovikovaGalina"]
[Result "0-1"]
[WhiteElo "2031"]
[BlackElo "2308"]
[TimeControl "180+1"]
[EndTime "11:45:35 PDT"]
[Termination "NovikovaGalina won by checkmate"]

1. d4 d5 2. Bf4 Nc6 3. e3 Bf5 4. c3 e6 5. Qb3 Rb8 6. Na3 a6 7. Qa4 Bd6 8. Bxa6 Ne7 9. Bxd6 Qxd6 10. Be2 O-O 11. Nf3 e5 12. Nb5 Qg6 13. dxe5 Qxg2 14.
Rg1 Qh3 15. O-O-O Be4 16. Ng5 Qf5 17. Nxe4 dxe4 18. Bg4 Qxf2 19. Qxe4 Ng6 20. Bf5 Ncxe5 21. Nd4 c5 22. Nc2 c4 23. Rdf1 Qe2 24. h4 Ra8 25. a3 Nd3+ 26. Kb1 b5 27. h5 Rfe8 28. Qc6 Nge5 29. Qg2 Qxg2 30. Rxg2 g6 31. hxg6 hxg6 32. Be4 Rad8 33. Nd4 Rb8 34. Bc6 Rec8 35. Bxb5 Rc5 36. a4 Kg7 37. Rg5 Nxb2 38. Kxb2 Nd3+ 39. Kc2 Rxg5 40.
Bxc4 Ne5 41. Bb5 Rg2+ 42. Kb3 f5 43. c4 Nd3 44. a5 Nc5+ 45. Kb4 Ne4 46. a6 Rb2+ 47.
Ka5 Ra2+ 48. Kb4 Rxa6 49. Nxf5+ gxf5 50. Rxf5 Ra1 51. Re5 Rb1+ 52. Ka5 Nc3 53. Re7+ Kf6 54. Rc7 Nxb5 55. cxb5 R1xb5+ 56. Ka6 Rb1 57. Rc6+ Ke5 58. Rc5+ Ke4 59. Ra5 Ra8# 0-1

[Event "*** Titled Tuesday Blitz"]
[Site "Chess.com"]
[Date "2021.04.20"]
[Round "9"]
[White "MerryPoppies"]
[Black "FeketeBarika"]
[Result "1/2-1/2"]
[WhiteElo "2133"]
[BlackElo "2242"]
[TimeControl "180+1"]
[EndTime "11:45:38 PDT"]
[Termination "Game drawn - insufficient material"]

1. d4 Nf6 2. c4 e6 3. Nc3 d5 4. cxd5 exd5 5. Nf3 Bd6 6. Bg5 c6 7. e3 Bf5 8. Bd3 Bxd3 9. Qxd3 O-O 10. O-O Nbd7 11.
Rac1 h6 12. Bh4 Re8 13. Rfe1 Qa5 14. e4 dxe4 15. Nxe4 Nxe4 16. Rxe4 Rxe4 17. Qxe4 Qxa2 18. Qc2 Re8 19. Bg3 Bxg3 20. hxg3 Nf6 21. Re1 Rxe1+ 22. Nxe1 Qd5 23. Nf3 g6 24. Qe2 Kg7 25. Qe7 Nd7 26. Ne5 Nxe5 27. dxe5 Qe6 28. Qxb7 Qxe5 29. b4 Qd5 30.
Qxa7 Qd1+ 31. Kh2 Qd2 32. Qc5 Qd7 33. Qe5+ Kh7 34. Qc5 Qe6 35. b5 cxb5 36. Qxb5 Qf6 37. Qe2 Qd4 38. Qf3 Kg7 39. Kh3 g5 40. g4 h5 41. Qf5 f6 42. g3 hxg4+ 43. Qxg4 Qxf2 44. Qd7+ Kh6 45. Qf7 Qf1+ 46. Kh2 Qe2+ 47. Kh3 Qe4 48.
Qf8+ Kg6 49. Qg8+ Kf5 50. Qh7+ Ke5 51. Qe7+ Kd4 52. Qd6+ Ke3 53. Qxf6 Qh1+ 54. Kg4 Qd1+ 55. Kxg5 Qd5+ 56. Kg6 Qg8+ 57. Kf5 Qxg3 58. Qe5+ Qxe5+ 59. Kxe5 1/2-1/2

[Event "*** Titled Tuesday Blitz"]
[Site "Chess.com"]
[Date "2021.04.20"]
[Round "9"]
[White "Harry_Rakkel"]
[Black "HackingKid98"]
[Result "1/2-1/2"]
[WhiteElo "2600"]
[BlackElo "2475"]
[TimeControl "180+1"]
[EndTime "11:45:40 PDT"]
[Termination "Game drawn by repetition"]

1. d4 d5 2. c4 e6 3. Nc3 c6 4. e3 Nf6 5. Nf3 Nbd7 6. Bd3 dxc4 7. Bxc4 b5 8. Bd3 Bd6 9. O-O O-O 10. a4 b4 11. Ne4 Nxe4 12. Bxe4 Bb7 13. a5 a6 14.
Qa4 Rc8 15. Bd2 Nf6 16. Bd3 c5 17. Be2 Qd7 18. Qxd7 Nxd7 19. Rfd1 Rfd8 20. b3 Nf6 21. Be1 Nd5 22. Rac1 cxd4 23. Nxd4 Nc3 24. Bxc3 bxc3 25.
Nc2 Be5 26. Rxd8+ Rxd8 27. Rd1 Rd2 28. f4 Bc7 29. Rxd2 cxd2 30. b4 Be4 31. Bd1 Bd6 32. Kf2 Bxc2 33. Bxc2 Bxb4 34. Ke2 Bxa5 35. Bd3 Bb4 36. Bxa6 f5 37. Bc4 Kf7 38. e4 fxe4 39. f5 Kf6 40. fxe6 e3 41. h3 Bc5 42. Bb3 Ke7 43. Kf3 h5 44. Ke2 Kf6 45. Kf3 g5 46.
Ke2 g4 47. hxg4 hxg4 48. Kf1 Ke5 49. Ke2 Kf4 50. Bd5 Kg3 51. Be4 Kf4 52. Bd5 Kg3 53. Be4 Kf4 54. Bd5 1/2-1/2

[Event "*** Titled Tuesday Blitz"]
[Site "Chess.com"]
[Date "2021.04.20"]
[Round "9"]
[White "Rsnr"]
[Black "NateSolon"]
[Result "1/2-1/2"]
[WhiteElo "2776"]
[BlackElo "2655"]
[TimeControl "180+1"]
[EndTime "11:45:41 PDT"]
[Termination "Game drawn by repetition"]

1. b3 e5 2. Bb2 Nc6 3. e3 d5 4. Bb5 Bd6 5. f4 f6 6. Nh3 Nh6 7. Qh5+ Nf7 8. fxe5 fxe5 9. O-O O-O 10. Rxf7 Rxf7 11.
Ng5 g6 12. Nxf7 gxh5 13. Nxd8 Nxd8 14. Nc3 c6 15. Be2 Bg4 16. Bxg4 hxg4 17. e4 d4 18. Ne2 a5 19. a4 Ne6 20. Ng3 d3 21. cxd3 Bc5+ 22. Kf1 Rf8+ 23. Nf5 Ng7 24. Ke2 Nxf5 25.
exf5 Rxf5 26. Rf1 Rxf1 27. Kxf1 Bd4 28. Bxd4 exd4 29. Kf2 Kf7 30. Kg3 h5 31. Kf4 Kf6 32. Ke4 Ke6 33. Kxd4 Kd6 34. Ke4 Kc5 35. Kf5 Kb4 36. Kg5 Kxb3 37. Kxh5 Kxa4 38. Kxg4 b5 39. h4 b4 40. h5 b3 41. h6 b2 42. h7 b1=Q 43.
h8=Q Qxd3 44. Qb2 Qe4+ 45. Kg3 Qb4 46. Qf6 Qb3+ 47. Kf2 Qd5 48. Qc3 Kb5 49. g4 a4 50.
Qb2+ Ka6 51. Qb4 Qb3 52. Qc5 Qb6 53. Qxb6+ Kxb6 54. g5 a3 55. g6 a2 56. g7 a1=Q 57. g8=Q Qd4+ 58. Ke2 Qe4+ 59. Kf2 Qd4+ 60. Ke2 Qe4+ 61.
Kf2 Qd4+ 1/2-1/2

[Event "*** Titled Tuesday Blitz"]
[Site "Chess.com"]
[Date "2021.04.20"]
[Round "9"]
[White "Irishchessman16"]
[Black "Qvalda"]
[Result "0-1"]
[WhiteElo "2276"]
[BlackElo "2428"]
[TimeControl "180+1"]
[EndTime "11:45:41 PDT"]
[Termination "Qvalda won on time"]

1. e4 d6 2. d4 Nf6 3. Nc3 g6 4. Be3 c6 5. Qd2 Nbd7 6. O-O-O b5 7. f3 Qa5 8. Kb1 b4 9. Nce2 Ba6 10. Nc1 Bxf1 11.
Rxf1 Qb5 12. Qd3 Qxd3 13. Nxd3 a5 14. Ne2 Bg7 15. g4 h6 16. h4 O-O-O 17. h5 g5 18. Ng3 e6 19. c3 bxc3 20. Rc1 Kb7 21. Rxc3 Nb6 22. Rhc1 Rc8 23. Rb3 Nd7 24. e5 d5 25.
Nc5+ Kc7 26. Na6+ Kb7 27. Nc5+ Kc7 28. Bd2 Ra8 29. Rb5 Nxc5 30. Rbxc5 Nc4 31. R1xc4 dxc4 32. Bxa5+ Kd7 33. Bc3 Ra4 34. Ne4 Bf8 35. a3 Be7 36. Bb4 Rxb4 37. axb4 Bxc5 38. Nxc5+ Kc7 39. Kc2 Kb6 40. Kc3 Kb5 41. Nb7 Ra8 42. Nd6+ Kb6 43. Nxf7 Rf8 44. Nxh6 Rxf3+ 45. Kxc4 Rf4 46. b3 Re4 47.
Kd3 Rf4 48. Ke3 Kb5 49. Ng8 Rxg4 50. h6 Rh4 51. Kf3 Kxb4 52. Kg3 Kxb3 53. Ne7 Rxh6 0-1

[Event "*** Titled Tuesday Blitz"]
[Site "Chess.com"]
[Date "2021.04.20"]
[Round "9"]
[White "WisdomGame"]
[Black "Frogo47"]
[Result "1/2-1/2"]
[WhiteElo "2097"]
[BlackElo "2534"]
[TimeControl "180+1"]
[EndTime "11:45:43 PDT"]
[Termination "Game drawn by stalemate"]

1. e4 c5 2. Nf3 d6 3. d3 Nf6 4.
Nbd2 g6 5. g3 Bg7 6. Bg2 O-O 7.
O-O Nc6 8. Qe2 Rb8 9. a4 a6 10. Nh4 b5 11. axb5 axb5 12. f4 Nd4 13. Qd1 b4 14.
Nhf3 Nd7 15. Nxd4 Bxd4+ 16. Kh1 Nb6 17. Nf3 Bg7 18. Rb1 Na4 19. e5 Nb6 20. Be3 Nd5 21.
Bg1 Bb7 22. Re1 Re8 23. Qd2 Qc7 24. e6 f5 25. Ng5 Bc6 26. Qe2 Ra8 27. Qf3 Ra6 28.
g4 fxg4 29. Qxg4 Rf8 30. Qh4 Nf6 31. Nf7 Bxg2+ 32. Kxg2 d5 33. Re5 d4 34. Rbe1 Ra2 35.
Bf2 Rxb2 36. R1e2 b3 37. cxb3 Qb7+ 38. Kg1 Rxe2 39. Rxe2 Qxb3 40. f5 Qd1+ 41. Re1 Qxd3 42. fxg6 Qxg6+ 43. Bg3 d3 44. Ne5 Qf5 45. Rf1 Qh5 46.
Qxh5 Nxh5 47. Rxf8+ Bxf8 48. Nxd3 c4 49. Nb4 Ng7 50.
Nc2 Nxe6 51. Be5 Bg7 52. Bg3 Nd4 53. Nxd4 Bxd4+ 54. Kf1 Kf7 55. Bf4 Ke6 56. Bc1 Kd5 57.
Ke2 e5 58. Kf3 e4+ 59. Ke2 c3 60. Kd1 Kc4 61. Kc2 e3 62. h3 e2 63. Bd2 cxd2 64.
Kxd2 Bc5 65. Kxe2 Kd5 66. Kf3 Ke5 67. Kg2 Kf4 68. Kh1 Kg3 69. h4 h5 1/2-1/2

[Event "*** Titled Tuesday Blitz"]
[Site "Chess.com"]
[Date "2021.04.20"]
[Round "9"]
[White "chessdjw"]
[Black "mac0504"]
[Result "1-0"]
[WhiteElo "2747"]
[BlackElo "2600"]
[TimeControl "180+1"]
[EndTime "11:45:45 PDT"]
[Termination "chessdjw won by resignation"]

1. e4 c5 2. Nf3 e6 3. d4 cxd4 4.
Nxd4 Nc6 5. Nc3 Qc7 6. a3 a6 7. g4 d6 8. g5 Nge7 9. h4 Nxd4 10. Qxd4 Nc6 11. Qd3 Be7 12. f4 Bd7 13. Be3 O-O-O 14.
Na4 Ne5 15. Nb6+ Qxb6 16. Bxb6 Nxd3+ 17. cxd3 Rde8 18. Rc1+ Bc6 19. Bh3 Bd8 20. Bd4 f6 21. Ke2 Kd7 22. Rhg1 Rhg8 23. b4 Ke7 24. Bg4 Kf7 25.
Bh5+ g6 26. Bf3 e5 27. Be3 exf4 28. Bxf4 d5 29. Rgd1 Bb6 30. Be3 dxe4 31. dxe4 Bxe3 32. Kxe3 f5 33. Rd4 Re7 34. Kf4 fxe4 35. Bxe4 Bxe4 36.
Rxe4 Rxe4+ 37. Kxe4 Re8+ 38. Kd5 Rd8+ 39. Ke5 Re8+ 40.
Kd6 Re6+ 41. Kd5 Re7 42. Rf1+ Ke8 43. Rf6 Kd7 44. Rd6+ Kc7 45. Re6 Rd7+ 46. Ke5 b5 47.
Kf6 Rd4 48. Re7+ Kc6 49. Rxh7 Rd3 50. Kxg6 Rxa3 51. h5 a5 52. bxa5 b4 53. Rh8 b3 54.
Rb8 Kc7 55. Rb4 Rxa5 56. Rxb3 Kd7 57. h6 1-0

[Event "*** Titled Tuesday Blitz"]
[Site "Chess.com"]
[Date "2021.04.20"]
[Round "9"]
[White "ajedrez1101"]
[Black "DFeco"]
[Result "1-0"]
[WhiteElo "2170"]
[BlackElo "2289"]
[TimeControl "180+1"]
[EndTime "11:45:45 PDT"]
[Termination "ajedrez1101 won by checkmate"]

1. b3 e5 2. Bb2 Nc6 3. e3 d5 4. Bb5 Bd6 5. f4 Qf6 6. Nf3 Qg6 7.
Bxc6+ bxc6 8. fxe5 Be7 9. O-O Nh6 10. Nd4 O-O 11. Ba3 c5 12. Nf3 Bf5 13. d3 Bh3 14. Qe2 f6 15. Nbd2 Be6 16. d4 Qxc2 17.
Rfc1 Qg6 18. Bxc5 Bxc5 19. Rxc5 Bg4 20. Rxc7 fxe5 21. dxe5 Rae8 22. Rf1 a5 23. Qb5 Nf5 24. Qxd5+ Kh8 25. Qc5 Bxf3 26. Nxf3 Qg4 27. Kh1 Qh5 28. Kg1 Qh6 29. Re1 Qg6 30. Kh1 Qh5 31. Kg1 Qg4 32. Qxa5 Ne7 33. Rf1 Nd5 34. Qxd5 Qg6 35. Qd4 Qh5 36.
Qd7 Qg6 37. Qd4 Qh5 38. Nd2 Rxf1+ 39. Nxf1 Qg6 40. Qd7 Rf8 41. Rc8 Rg8 42. Rxg8+ Kxg8 43. Qc8+ Kf7 44. Qd7+ Kf8 45. Qd6+ Qxd6 46. exd6 Ke8 47.
Nd2 Kd7 48. e4 Kxd6 49. a4 Ke5 50. b4 Kd6 51. a5 Kc6 52. e5 Kd5 53. e6 Kc6 54. a6 Kb6 55. e7 Kxa6 56. e8=Q g5 57. Qg8 h5 58. Qxg5 h4 59. Qh5 Kb6 60. Qxh4 Kc6 61. Qg5 Kb6 62. h4 Kc7 63. h5 Kd6 64. h6 Ke6 65. h7 Kf7 66. h8=Q Ke6 67. Qf8 Kd7 68. Qge7+ Kc6 69. Qff6+ Kd5 70. Qee5# 1-0

[Event "*** Titled Tuesday Blitz"]
[Site "Chess.com"]
[Date "2021.04.20"]
[Round "9"]
[White "4empechement"]
[Black "MVM2008"]
[Result "1-0"]
[WhiteElo "2466"]
[BlackElo "2178"]
[TimeControl "180+1"]
[EndTime "11:45:46 PDT"]
[Termination "4empechement won by resignation"]

1. e4 e5 2. Nf3 Nf6 3. Nxe5 Nc6 4.
Nxc6 dxc6 5. Nc3 Bc5 6. Be2 h5 7. d3 Ng4 8. Bxg4 hxg4 9. Bf4 Qf6 10. Qd2 Be6 11. O-O-O O-O-O 12. Be3 Bb4 13. a3 Ba5 14. Bg5 Qd4 15. Bxd8 Rxd8 16. Kb1 c5 17. Ne2 Qa4 18. Qe3 Rd6 19. d4 Rb6 20. dxc5 Qc4 21. b3 Rb5 22. Rd4 Qxc5 23. Rhd1 c6 24. Kb2 Bc7 25.
Qd2 Be5 26. Kb1 Bxd4 27. Nxd4 Qb6 28. Nxb5 cxb5 29. Qc3+ Qc7 30. Qxc7+ Kxc7 31. Kb2 Kc6 32. Rd4 Kc5 33. c3 a5 34. b4+ axb4 35. axb4+ Kc6 36. Kc2 Bc4 37. Kd2 Be6 38. Ke3 f6 39. Kf4 g5+ 40. Kg3 Kc7 41. f3 gxf3 42. gxf3 Kc6 43. f4 gxf4+ 44.
Kxf4 Bd7 45. h4 Be8 46. Kf5 Bh5 47. Kxf6 Kb6 48. Kg5 Be8 49. h5 Ka7 50. h6 Bc6 51. h7 Bd7 52. h8=Q Ka6 53. Rxd7 Kb6 54. Qf6+ Ka7 55.
Qc6 1-0